 Dungeon Crawl Stone Soup version 0.25-a0-589-g1e14c549ee (webtiles) character file.

Game seed: 11746127656856460756, levelgen mode: deterministic

53 Esekla the Ducker (level 3, 17/17 HPs)
             Began as a Spriggan Artificer on Mar 9, 2020.
             Was a Follower of Zin.
             Got out of the dungeon alive.
             The game lasted 00:11:26 (2425 turns).

Esekla the Ducker (Spriggan Artificer)              Turns: 2425, Time: 00:11:26

Health: 17/17      AC:  2    Str:  8    XL:     3   Next: 62%
Magic:  7/7        EV: 19    Int: 13    God:    Zin [*.....]
Gold:   36         SH:  0    Dex: 16    Spells: 2/2 levels left

rFire    . . .     SeeInvis +   a - +0 short sword
rCold    . . .     Gourm    .   (shield restricted)
rNeg     . . .     Faith    .   b - +0 robe
rPois    .         Spirit   .   (helmet restricted)
rElec    .         Reflect  .   (no cloak)
rCorr    .         Harm     .   (gloves unavailable)
MR       .....                  (boots unavailable)
Stlth    +++.......             (no amulet)
HPRegen  0.05/turn              l - ring of stealth
MPRegen  0.10/turn              (no ring)

@: very quick
A: very small, unfitting armour, see invisible, herbivore, speed 3, slow
metabolism 2
a: Recite, Donate Gold, Renounce Religion


You escaped.
You worshipped Zin.
Zin was aware of your devotion.
You were not hungry.

You visited 1 branch of the dungeon, and saw 2 of its levels.

You collected 40 gold pieces.
You donated 4 gold pieces to Zin.

Inventory:

Hand Weapons
 a - a +0 short sword (weapon)
Armour
 b - a +0 robe (worn)
 j - a +0 leather armour
Jewellery
 l - a ring of stealth (left hand)
Wands
 c - a wand of flame (15)
 d - a wand of enslavement (15)
 e - a wand of random effects (15)
Scrolls
 g - 3 scrolls of identify
 i - a scroll of teleportation {unknown}
 k - a scroll of remove curse {unknown}
 n - a scroll of amnesia {unknown}
Potions
 h - 2 potions of lignification
 m - a potion of curing
 o - 2 potions of heal wounds
Comestibles
 f - 4 rations


   Skills:
 - Level 0.7 Fighting
 * Level 3.2 Short Blades
 * Level 4.1 Dodging
 + Level 2.0 Stealth
 - Level 4.0 Evocations


You had 2 spell levels left.
You didn't know any spells.
Your spell library was empty.

Dungeon Overview and Level Annotations

Branches:
Dungeon (2/15)

Altars:
Zin


Innate Abilities, Weirdness & Mutations

You are very small and have problems with some larger weapons.
You are too small for most types of armour.
You have supernaturally acute eyesight. (SInv)
You are a herbivore.
You cover ground extremely quickly.
You need to consume almost no food.


Message History

Where to? (Enter - D:2, ? - help)
You enter the shallow water.
Moving in this stuff is going to be slow.
You see here a spear.
Things that are here:
a +0 club; 3 stones
There is a stone staircase leading up here.
You climb upwards.
There is a stone staircase leading down here.
(D) Dungeon
Where to? (Enter - D:1, ? - help)
Okay, then.
Search for what [? for help]? leather You open the door.
There is an open door here.
You enter the shallow water.
Moving in this stuff is going to be slow.
There is a staircase leading out of the dungeon here.
Are you sure you want to leave the Dungeon?
This will make you lose the game!
You have escaped!

.................................
.................................
.................................
.........###.########............
..###....###+########.######.....
..# #....#...#≈≈≈≈##.............
..########.#.#≈##≈##.............
.......# #.###≈≈≈≈##.............
.......# #.≈≈#≈#@≈'..........####
.......# ###≈#≈#≈≈#..............
....########≈#≈##≈###.#....##....
....# #.'.≈#≈#≈≈≈###............
....####.##########..............
..................#.##########...
......#####...#.#.#.#........#...
......# #...#.#.#.#.######.#...
......# #...#.#.#.#.#....#.#...


There were no monsters in sight!

Vanquished Creatures
  An adder (D:2)
  An ooze (D:1)
  2 dart slugs (D:1)
  A leopard gecko (D:1)
  3 hobgoblins (D:1)
  4 jackals (D:1)
  6 kobolds
  9 bats
  2 frilled lizards (D:1)
  3 goblins
  A rat (D:2)
33 creatures vanquished.

Notes
Turn   | Place    | Note
-------+----------+-------------------------------------------
     0 | D:1      | Esekla the Spriggan Artificer began the quest for the Orb.
     0 | D:1      | Reached XP level 1. HP: 9/9 MP: 4/4
   497 | D:1      | Reached XP level 2. HP: 13/14 MP: 6/6
   797 | D:1      | Reached XP level 3. HP: 6/17 MP: 7/7
  2282 | D:2      | Found a faded altar of an unknown god.
  2358 | D:2      | Became a worshipper of Zin the Law-Giver
  2358 | D:2      | Reached * piety under Zin
  2425 | D:$      | Got out of the dungeon alive.

Levels and vault maps discovered:
D:1:      ncdulo_wetmaze, layout_basic
D:2:      layout_rooms, nicolae_overflow_hidden_temple,
          chequers_ecumenical_altar_island, first_ration

Skill      XL: |  1  2  3 |
---------------+----------+-----
Short Blades   | 2 3 |  3.2
Dodging        | 4 |  4.1
Stealth        | 2 |  2.0
Fighting       | |  0.7
Evocations     | |  4.0

Action                   || total
-------------------------++-------
Melee: Short sword       ||   181
  Use: Scroll            ||     3
 Stab: Sleeping          ||     2
Armor: Robe              ||    22
Dodge: Dodged            ||   156

Table legend:
 A = Non-vault XP
 B = Vault XP
 C = Vault XP percentage of total XP
 D = Non-vault monster count
 E = Vault monster count
 F = Vault count percentage of total count
                 A         B        C        D         E       F
            +---------+---------+-------+---------+---------+-------
      Total |      76 |       0 |   0.0 |      33 |       0 |   0.0
            +---------+---------+-------+---------+---------+-------
        D:1 |      55 |       0 |   0.0 |      26 |       0 |   0.0
        D:2 |      21 |       0 |   0.0 |       7 |       0 |   0.0
            +---------+---------+-------+---------+---------+-------
